 Dungeon Crawl Stone Soup version 0.31-a0-180-g519b7de00c (webtiles) character file.

Game seed: 17911151353070288227

86 Drazool the Cudgeller (level 4, -5/48 HPs)
             Began as an Ogre Fighter on June 19, 2023.
             Was a Believer of Dithmenos.
             Killed by nerve-wracking pain
             ... invoked by an orc priest
              (10 damage)
             ... on level 3 of the Dungeon.
             The game lasted 00:03:35 (1712 turns).

Drazool the Cudgeller (Ogre Fighter)                Turns: 1712, Time: 00:03:35

Health: -5/48      AC:  3    Str: 22    XL:     4   Next: 49%
Magic:  4/4        EV:  8    Int:  9    God:    Dithmenos [**....]
Gold:   174        SH:  7    Dex:  8    Spells: 3/3 levels left

rFire   . . .        a - +1 flail
rCold   . . .        c - +0 kite shield
rNeg    . . .        b - +0 robe
rPois   .            q - +0 hat
rElec   .            (no cloak)
rCorr   .            (gloves unavailable)
SInv    .            (boots unavailable)
Will    .....        (no amulet)
Stlth   +            (no ring)
HPRegen 0.28/turn    (no ring)
MPRegen 0.09/turn

%: no passive effects
@: wreathed by umbra
A: large, unfitting armour, tough skin 1
a: Renounce Religion, Shadow Step


You were on level 3 of the Dungeon.
You worshipped Dithmenos.
Dithmenos was pleased with you.
You visited 1 branch of the dungeon, and saw 3 of its levels.

You collected 174 gold pieces.


Innate Abilities, Weirdness & Mutations

You are too large for most types of armour.
You have tough skin. (AC +1)


   Skills:
 - Level 4.0 Fighting
 + Level 4.2 Maces & Flails
 - Level 2.6 Dodging
 - Level 3.0 Shields


You had 3 spell levels left.
You didn't know any spells.
Your spell library contained the following spells:

 Spells                   Type           Power      Damage    Failure   Level
 Freeze                   Ice            0%         1d3       67%         1
 Blink                    Tloc           0%         N/A       80%         2
 Lesser Beckoning         Tloc           0%         N/A       80%         2
 Momentum Strike          Conj/Tloc      0%         3d8       80%         2
 Frozen Ramparts          Ice            0%         1d1       95%         3
 Hailstorm                Conj/Ice       0%         3d3       95%         3
 Borgnjor's Revivificati  Necr           0%         N/A       100%        8
 Necromutation            Tmut/Necr      0%         N/A       100%        8
 Death's Door             Necr           0%         N/A       100%        9

Inventory:

Hand Weapons
 a - a +1 flail (weapon)
Missiles
 e - 2 javelins
 u - 4 poisoned darts
Armour
 b - a +0 robe (worn)
 c - a +0 kite shield (worn)
 q - a +0 hat (worn)
Jewellery
 n - an amulet of faith {!P}
Scrolls
 f - a scroll of enchant armour {unknown}
 h - a scroll of fear {unknown}
 j - a scroll of teleportation {unknown}
 k - a scroll of amnesia
 m - a scroll of silence {unknown}
 o - a scroll of enchant weapon
 p - a scroll of brand weapon {unknown}
 t - a scroll of vulnerability {unknown}
Potions
 d - 2 potions of might
 g - a potion of berserk rage {unknown}
 i - a potion of resistance {unknown}
 l - a potion of curing {unknown}
 r - a potion of heal wounds {unknown}
 s - 2 potions of mutation {unknown}
 v - a potion of invisibility {unknown}

Dungeon Overview and Level Annotations

Branches:
Dungeon (3/15)

Altars:
Dithmenos
Sif Muna

≈~▓'▓)≈≈≈#
≈~8.8~≈≈##
≈≈...≈≈## ##8.8###
#...#############
#8)8#......[.##..
#..#########.##o#
#..# #.##o# #.##
#.##@# #.# #.##)#
##.####### #.##.#
.........# #.##.#
##.#####.####.##.#
#.# #.........#
#.# ######.####
#.# #.# #.# #.#


You could see an orc priest and an orc.


Message History

You hit the orc but do no damage. The orc hits you with a +0 hand axe.
The orc barely misses you.
You sock the orc!
You kill the orc!
Dithmenos accepts your kill. The orc barely misses you. x2
The orc hits you with a +0 trident.
Things that are here:
a +0 hand axe; a +0 ring mail You closely miss the orc.
The orc hits you with a +0 trident.
You hit the orc.
The orc is almost dead.
The orc priest mumbles some strange prayers to Beogh against you.
Beogh smites you!
* * * LOW HITPOINT WARNING * * *
You block the orc's attack.
You hit the orc.
You kill the orc!
Dithmenos accepts your kill.
The orc priest looks satisfied for a moment.
You block the orc priest's attack.
You see here a +0 trident.
You closely miss the orc priest. The orc priest barely misses you.
You block the orc priest's attack.
You completely miss the orc priest. The orc priest hits you with a +0 mace!
* * * LOW HITPOINT WARNING * * *
You closely miss the orc priest.
The orc priest mumbles some strange prayers to Beogh against you.
Pain shoots through your body!
You die...

Skill      XL: |  1  2  3 |
---------------+----------+-----
Maces & Flails | 2 3 4 |  4.2
Fighting       | |  4.0
Dodging        | |  2.6
Shields        | |  3.0

Action                     |  1- 3 |  4- 6 || total
---------------------------+-------+-------++-------
  Melee: Flail             |   138 |    10 ||   148
    Use: Scroll            |     2 |       ||     2
 Armour: Robe              |    49 |       ||    49
  Dodge: Dodged            |    56 |     6 ||    62
  Block: Kite shield       |    52 |     4 ||    56

Levels and vault maps discovered:
D:1:      ncdulo_halloftheorcs, layout_basic, hellmonk_ecumenical_altar_blasted
D:2:      layout_basic, dk_noncrumbling_2, minmay_joined_circles
D:3:      layout_loops_ring, kennysheep_orc_sif_temple,
          cheibrodos_ashenzari_chains, amcnicky_altar_gilded,
          ebering_ghost_disaster_area

Notes
Turn   | Place    | Note
-------+----------+-------------------------------------------
     0 | D:1      | Drazool the Ogre Fighter began the quest for the Orb.
     0 | D:1      | Reached XP level 1. HP: 24/24 MP: 1/1
    27 | D:1      | Reached skill level 2 in Maces & Flails
    64 | D:1      | Found a faded altar of an unknown god.
   105 | D:1      | Prayed at the altar of an unknown god.
   105 | D:1      | Became a worshipper of Dithmenos the Shadowed
   105 | D:1      | Reached * piety under Dithmenos
   403 | D:1      | Reached XP level 2. HP: 31/32 MP: 2/2
   920 | D:2      | Reached skill level 3 in Maces & Flails
  1089 | D:2      | Reached XP level 3. HP: 38/39 MP: 3/3
  1368 | D:2      | Reached ** piety under Dithmenos
  1508 | D:3      | Found a shimmering blue altar of Sif Muna.
  1531 | D:3      | Reached skill level 4 in Maces & Flails
  1531 | D:3      | Reached XP level 4. HP: 17/48 MP: 4/4
  1712 | D:3      | Killed from afar by an orc priest

Vanquished Creatures
  An orc wizard (D:3)
  An adder (D:2)
  3 worms (D:2)
  3 orcs (D:3)
  4 ball pythons
  7 bats
  3 endoplasms
  A giant cockroach (D:1)
  2 goblins (D:2)
  5 hobgoblins
  4 frilled lizards
  3 kobolds (D:1)
  6 rats
43 creatures vanquished.

Table legend: (Time is in decaauts)
 A = Elapsed time spent in this place.
 B = Non-inter-level travel time spent in this place.
 C = Inter-level travel time spent in this place.
 D = Time resting spent in this place.
 E = Time spent auto-exploring this place.
 F = Levels seen in this place.
 G = Mean time per level.
                   A        B        C        D        E       F      G
               +--------+--------+--------+--------+--------+-----+--------+
         Total |   1768 |   1720 |     48 |      0 |   1292 |   3 |  589.3 |
       Dungeon |   1768 |   1720 |     48 |      0 |   1292 |   3 |  589.3 |
               +--------+--------+--------+--------+--------+-----+--------+

Top non-repeatable levels by time:
     D:1: 884 daAuts
     D:2: 608 daAuts
     D:3: 275 daAuts

Table legend:
 A = Non-vault XP
 B = Vault XP
 C = Vault XP percentage of total XP
 D = Non-vault monster count
 E = Vault monster count
 F = Vault count percentage of total count
                 A         B        C        D         E       F
            +---------+---------+-------+---------+---------+-------
      Total |      44 |      79 |  64.2 |      28 |      15 |  34.9
            +---------+---------+-------+---------+---------+-------
        D:1 |      29 |       0 |   0.0 |      20 |       0 |   0.0
        D:2 |       6 |      41 |  87.2 |       4 |      13 |  76.5
        D:3 |       9 |      38 |  80.9 |       4 |       2 |  33.3
            +---------+---------+-------+---------+---------+-------
